 Dungeon Crawl Stone Soup version 0.29-a0-1065-g47a6bb87d6 (webtiles) character file.

Game seed: 11128811006379201363

168 slphil the Vexing (level 5, 0/28 HPs)
             Began as a Kobold Enchanter on Aug 18, 2022.
             Killed from afar by an orc wizard (9 damage)
             ... with a magic dart
             ... on level 4 of the Dungeon.
             The game lasted 00:05:49 (4594 turns).

slphil the Vexing (Kobold Enchanter)                Turns: 4594, Time: 00:05:49

Health: 0/28       AC:  2    Str:  6    XL:     5   Next: 78%
Magic:  10/10      EV: 15    Int: 16    God:
Gold:   260        SH:  0    Dex: 17    Spells: 3/10 levels left

rFire   . . .      SeeInvis .   g - +0 short sword (venom)
rCold   . . .      Faith    .   (no shield)
rNeg    . . .      Spirit   .   b - +0 robe
rPois   .          Reflect  .   (no helmet)
rElec   .          Harm     .   (no cloak)
rCorr   .          Rampage  .   (no gloves)
Will    .....                   (no boots)
Stlth   ++++......              (no amulet)
HPRegen 0.09/turn               (no ring)
MPRegen 0.12/turn               (no ring)

@: no status effects
A: small, no large weapons, nightstalker 3
a: no special abilities


You were on level 4 of the Dungeon.
You visited 1 branch of the dungeon, and saw 4 of its levels.

You collected 260 gold pieces.

Inventory:

Hand Weapons
 a - a +1 dagger
 g - a +0 short sword of venom (weapon)
 k - a +0 dagger of venom
Armour
 b - a +0 robe (worn)
 l - a +0 pair of gloves
Scrolls
 d - a scroll of immolation {unknown}
 e - a scroll of enchant armour {unknown}
 f - 2 scrolls of identify {unknown}
 i - a scroll of fear {unknown}
 n - a scroll of butterflies {unknown}
 o - a scroll of blinking {unknown}
 q - a scroll of enchant weapon {unknown}
 r - a scroll of vulnerability {unknown}
Potions
 c - 3 potions of invisibility
 h - 2 potions of lignification {unknown}
 j - a potion of degeneration {unknown}
 m - a potion of curing {unknown}
 p - 2 potions of might {unknown}


   Skills:
 + Level 3.4 Short Blades
 - Level 2.4 Dodging
 - Level 4.0 Stealth
 + Level 3.3 Spellcasting
 * Level 4.7 Hexes


You had 3 spell levels left.
You knew the following spells:

 Your Spells              Type           Power      Damage    Failure   Level
a - Ensorcelled Hibernat  Hex/Ice        20%        N/A       11%         2
b - Tukima's Dance        Hex            17%        N/A       8%          3
c - Blink                 Tloc           4%         N/A       26%         2

Your spell library contained the following spells:

 Spells                   Type           Power      Damage    Failure   Level
 Confusing Touch          Hex            17%        N/A       8%          3
 Dazzling Flash           Conj/Hex       20%        N/A       21%         3
 Lesser Beckoning         Tloc           2%         N/A       47%         3
 Manifold Assault         Tloc           2%         N/A       99%         5


Dungeon Overview and Level Annotations

Branches:
Dungeon (4/15)
 Temple: D:4-7

Altars:
Sif Muna

Annotations:
D:3 3 runed translucent doors


Innate Abilities, Weirdness & Mutations

You are small and have problems with some larger weapons.
You are completely attuned to the shadows.


Message History

You kill the ball python!
No target in view!
A scorpion comes into view.
You barely miss the scorpion. The scorpion misses you.
You closely miss the scorpion. The scorpion closely misses you.
You hit the scorpion but do no damage.
The scorpion is poisoned.
The scorpion misses you.
You hit the scorpion.
The scorpion looks as sick as possible!
The scorpion is moderately wounded.
You kill the scorpion!
No target in view!
Magic restored. 2 orcs come into view.
The orc shouts! x2
An orc wizard comes into view. It is wielding a +1 dagger of speed.
You closely miss the orc. You hit the orc.
The orc is poisoned.
The orc is heavily wounded.
You kill the orc!
You completely miss the orc. You barely miss the orc wizard.
The orc hits you with a +0 flail. The orc wizard closely misses you.
You barely miss the orc wizard.
The orc wizard hits you with a +1 dagger of speed.
The orc barely misses you.
You barely miss the orc wizard.
The orc wizard casts a spell.
The orc wizard flickers and vanishes!
Deactivating autopickup; reactivate with Ctrl-A.
The orc barely misses you.
You closely miss the orc. Something hits you. The orc closely misses you.
Something hits you.
You miss something. Something hits you but does no damage.
You closely miss something. The orc hits you with a +0 flail.
Something hits you.
You hit the orc but do no damage.
You hear some strange, mumbled words.
A magic dart appears from out of thin air!
The magic dart hits you!
You die...

# #.# # #.# # #.# #
#.# #########
###.#####.......####
...................##
###.###########......
#.......# #..#.#. #
#######.# #.@o... ###
#.# ##{#.#. ..# #.#
#..... #.#######.#
#..#.# ..........#
#... #.######..# #.#
#...# #.# #..... #.#
#...##.


You could see an orc.

Vanquished Creatures
  A scorpion (D:4)
  A gnoll (D:2)
  An adder (D:3)
  2 worms
  2 dart slugs (D:2)
  6 orcs
  7 bats
  4 endoplasms
  2 giant cockroaches (D:1)
  4 goblins
  A hobgoblin (D:2)
  11 jackals
  3 quokkas
  5 ball pythons
  6 frilled lizards
  10 kobolds
  5 rats
71 creatures vanquished.

Notes
Turn   | Place    | Note
-------+----------+-------------------------------------------
     0 | D:1      | slphil the Kobold Enchanter began the quest for the Orb.
     0 | D:1      | Reached XP level 1. HP: 10/10 MP: 3/3
   247 | D:1      | Reached XP level 2. HP: 8/15 MP: 5/5
   733 | D:1      | Learned a level 2 spell: Ensorcelled Hibernation
  1078 | D:1      | Reached XP level 3. HP: 14/19 MP: 6/6
  1843 | D:2      | Found a faded altar of an unknown god.
  2194 | D:2      | Reached XP level 4. HP: 24/24 MP: 8/8
  2969 | D:3      | Found a shimmering blue altar of Sif Muna.
  3103 | D:3      | Found a runed translucent gate.
  3103 | D:3      | Found a runed translucent gate.
  3104 | D:3      | Found a runed translucent gate.
  4056 | D:3      | Learned a level 3 spell: Tukima's Dance
  4059 | D:3      | Learned a level 2 spell: Blink
  4137 | D:3      | Reached XP level 5. HP: 24/28 MP: 9/9
  4594 | D:4      | Killed from afar by an orc wizard

Illustrated notes

Levels and vault maps discovered:
D:1:      lemuel_arrival_room, layout_loops_corners
D:2:      layout_basic, hellmonk_ecumenical_altar_heavens_door,
          cheibrodos_gnoll_hut
D:3:      layout_loops_ring, kennysheep_orc_sif_temple,
          gammafunk_ghost_necromancy
D:4:      layout_loops_ring, chequers_temple_overflow_minitemple,
          due_unseen_surprise

Skill      XL: |  1  2  3  4  5 |
---------------+----------------+-----
Short Blades   | 2 3 |  3.4
Hexes          | 4 |  4.7
Spellcasting   | 3 |  3.3
Dodging        | |  2.4
Stealth        | |  4.0

Action                   |  1- 3 |  4- 6 || total
-------------------------+-------+-------++-------
Melee: Dagger            |    68 |       ||    68
       Short sword       |    42 |    83 ||   125
       Punch             |     1 |     2 ||     3
  Use: Potion            |     3 |       ||     3
 Stab: Sleeping          |    11 |    14 ||    25
       Distracted        |       |     1 ||     1
Armor: Robe              |    15 |     3 ||    18
Dodge: Dodged            |    88 |    48 ||   136

Table legend: (Time is in decaauts)
 A = Elapsed time spent in this place.
 B = Non-inter-level travel time spent in this place.
 C = Inter-level travel time spent in this place.
 D = Time resting spent in this place.
 E = Time spent auto-exploring this place.
 F = Levels seen in this place.
 G = Mean time per level.
                   A        B        C        D        E       F      G
               +--------+--------+--------+--------+--------+-----+--------+
         Total |   4572 |   4506 |     66 |    235 |   3784 |   4 | 1143.0 |
       Dungeon |   4572 |   4506 |     66 |    235 |   3784 |   4 | 1143.0 |
               +--------+--------+--------+--------+--------+-----+--------+

Top non-repeatable levels by time:
     D:1: 1462 daAuts
     D:3: 1434 daAuts
     D:2: 1409 daAuts
     D:4: 266 daAuts
